 Dungeon Crawl Stone Soup version 0.31-a0-1068-g5939ac1fb6 (webtiles) character file.

Game seed: 16454601115906372304

210 Capuchin the Covered (level 5, -5/47 HPs)
             Began as a Minotaur Fighter on Nov 24, 2023.
             Slain by Grinder (6 damage)
             ... on level 4 of the Dungeon.
             The game lasted 00:07:26 (1725 turns).

Capuchin the Covered (Minotaur Fighter)             Turns: 1725, Time: 00:07:26

Health: -5/47      AC:  7    Str: 23    XL:     5   Next: 56%
Magic:  4/4        EV:  9    Int:  5    God:
Gold:   155        SH:  4    Dex:  9    Spells: 4/4 levels left

rFire   . . .        a - +0 long sword
rCold   . . .        c - +0 buckler
rNeg    . . .        b - +0 scale mail
rPois   .            (helmet restricted)
rElec   .            (no cloak)
rCorr   .            (no gloves)
SInv    .            (no boots)
Will    .....        (no amulet) Stlth
                     (no ring)
HPRegen 0.27/turn    (no ring)
MPRegen 0.09/turn

%: no passive effects
@: no status effects
A: horns 2, retaliatory headbutt
a: no special abilities


You were on level 4 of the Dungeon.
You visited 1 branch of the dungeon, and saw 5 of its levels.

You collected 155 gold pieces.

Inventory:

Hand Weapons
 a - a +0 long sword (weapon)
Armour
 b - a +0 scale mail (worn)
 c - a +0 buckler (worn)
 r - a +0 plate armour
Magical Staves
 j - a staff of fire
Jewellery
 p - a ring of willpower
Scrolls
 d - a scroll of enchant weapon {unknown}
 e - 3 scrolls of teleportation {unknown}
 f - a scroll of acquirement {unknown}
 g - a scroll of immolation {unknown}
 k - a scroll of blinking {unknown}
 o - 3 scrolls of identify {unknown}
 q - a scroll of vulnerability {unknown}
Potions
 h - a potion of curing {unknown}
 i - a potion of enlightenment {unknown}
 l - a potion of degeneration {unknown}
 m - a potion of brilliance {unknown}
 n - a potion of attraction {unknown}


   Skills:
 + Level 4.7 Fighting
 + Level 4.5 Long Blades
 + Level 5.1 Armour
 + Level 0.9 Dodging
 + Level 0.1 Stealth
 + Level 4.2 Shields


You had 4 spell levels left.
You didn't know any spells.
Your spell library contained the following spells:

 Spells                   Type           Power      Damage    Failure   Level
 Magic Dart               Conj           0%         1d3       83%         1
 Call Imp                 Summ           0%         N/A       93%         2
 Mephitic Cloud           Conj/Pois/Air  0%         N/A       99%         3


Dungeon Overview and Level Annotations

Branches:
Dungeon (5/15)
 Temple: D:4-7

Altars:
Elyvilon
Kikubaaqudgha
Makhleb
Nemelex Xobeh
Trog
Wu Jian
The Shining One

Annotations:
D:4 Grinder


Innate Abilities, Weirdness & Mutations

You have a pair of horns on your head.
You reflexively headbutt those who attack you in melee.


Message History

The black bear claws you but does no damage.
You hit the black bear. Your headbutt misses the black bear.
The black bear is almost dead.
The black bear bites you but does no damage.
The black bear claws you but does no damage.
The black bear barely misses you. You block the black bear's attack.
The black bear closely misses you.
The black bear claws you but does no damage.
You barely miss the black bear.
The black bear is almost dead.
The black bear closely misses you.
The black bear claws you but does no damage.
The black bear claws you.
* * * LOW HITPOINT WARNING * * *
You hit the black bear.
You kill the black bear!
You hear the rusting of a drain very nearby.
The hound bites you.
* * * LOW HITPOINT WARNING * * *
Your Long Blades skill increases to level 4!
Your Armour skill increases to level 5!
You have reached level 5!
You miss the hound.
The hound is lightly wounded.
You block the hound's attack.
The hound stops to sniff the ground.
The hound closely misses you.
You miss the hound.
The hound is lightly wounded.
You block the hound's attack. The hound barely misses you.
Grinder blinks!
You barely miss the hound.
The hound is lightly wounded.
The hound bites you but does no damage. Grinder gestures at you.
Pain shoots through your body!
* * * LOW HITPOINT WARNING * * *
The hound bites you but does no damage. Grinder hits you.
You die...
Grinder says, "Now the real fun starts!"

.# .. .##.##.# #
........ .. .##.#..#..
..# .##.#.##.#.# ...#
.##.#.##...# ....
.##.#.##.#.#.#######..#
..#.#.##.#.#....5hh)..#
..#.#.##.#.#####@######
....#.##.#.####..#
.#....##.#.##...##
.##.#....#.##.#######
.##.#.####...........
.##..................
#######.####.........
...........>.........
#############........


You could see Grinder and 2 hounds.

Vanquished Creatures
  A black bear (D:4)
  A jelly (D:2)
  An adder (D:3)
  2 dart slugs
  3 ball pythons
  5 bats
  15 endoplasms
  2 giant cockroaches
  8 goblins
  5 hobgoblins
  4 jackals (D:2)
  4 frilled lizards (D:1)
  12 kobolds
  6 rats (D:1)
69 creatures vanquished.

Notes
Turn   | Place    | Note
-------+----------+-------------------------------------------
     0 | D:1      | Capuchin the Minotaur Fighter began the quest for the Orb.
     0 | D:1      | Reached XP level 1. HP: 19/19 MP: 0/0
   243 | D:1      | Reached skill level 4 in Armour
   245 | D:1      | Found a faded altar of an unknown god.
   333 | D:1      | Reached XP level 2. HP: 27/27 MP: 1/1
   736 | D:1      | Reached XP level 3. HP: 33/33 MP: 2/2
  1412 | D:2      | Found an ornate altar of the Wu Jian Council.
  1412 | D:2      | Found a glowing golden altar of the Shining One.
  1412 | D:2      | Found an ancient bone altar of Kikubaaqudgha.
  1412 | D:2      | Found a white marble altar of Elyvilon.
  1412 | D:2      | Found a burning altar of Makhleb.
  1412 | D:2      | Found a bloodstained altar of Trog.
  1414 | D:2      | Reached XP level 4. HP: 31/38 MP: 3/3
  1633 | D:4      | Found a sparkling altar of Nemelex Xobeh.
  1675 | D:5      | Entered Level 5 of the Dungeon
  1695 | D:4      | Noticed a black bear
  1701 | D:4      | Noticed Grinder
  1720 | D:4      | Killed a black bear
  1720 | D:4      | HP: 2/41 [hound (3)]
  1721 | D:4      | Reached skill level 5 in Armour
  1721 | D:4      | Reached XP level 5. HP: 2/47 MP: 4/4
  1725 | D:4      | Slain by Grinder

Illustrated notes

Levels and vault maps discovered:
D:1:      scummos_arrival_checkerplants, layout_loops_ring,
          shapermc_ecumenical_altar_petra
D:2:      cheibrodos_fertilizer, layout_rooms
D:3:      layout_loops_ring, old_standard_altar, grunt_decor_clamped,
          uniq_jessica
D:4:      layout_basic, mainiacjoe_overflow_concentric_impassable,
          okawaru_trees_1, portal_sewer_entry_f, nicolae_stop_n_shop_2,
          nicolae_wooded_promenade, nicolae_tricolors, uniq_grinder
D:5:      layout_cave_pools, hangedman_decor_points

Skill      XL: |  1  2  3  4 |
---------------+-------------+-----
Armour         | 4 5 |  5.1
Fighting       | 4 |  4.7
Shields        | 4 |  4.2
Long Blades    | 3 4 |  4.5
Dodging        | |  0.9
Stealth        | |  0.1

Action                     |  1- 3 |  4- 6 || total
---------------------------+-------+-------++-------
  Melee: Long sword        |   123 |    48 ||   171
         Headbutt          |    16 |     7 ||    23
    Use: Potion            |       |     1 ||     1
 Armour: Scale mail        |    95 |    48 ||   143
  Dodge: Dodged            |    75 |    38 ||   113
  Block: Buckler           |    35 |    13 ||    48

Table legend: (Time is in decaauts)
 A = Elapsed time spent in this place.
 B = Non-inter-level travel time spent in this place.
 C = Inter-level travel time spent in this place.
 D = Time resting spent in this place.
 E = Time spent auto-exploring this place.
 F = Levels seen in this place.
 G = Mean time per level.
                   A        B        C        D        E       F      G
               +--------+--------+--------+--------+--------+-----+--------+
         Total |   1774 |   1722 |     52 |     75 |   1043 |   5 |  354.8 |
       Dungeon |   1774 |   1722 |     52 |     75 |   1043 |   5 |  354.8 |
               +--------+--------+--------+--------+--------+-----+--------+

Top non-repeatable levels by time:
     D:1: 820 daAuts
     D:2: 756 daAuts
     D:4: 154 daAuts
     D:3: 40 daAuts
     D:5: 1 daAuts
